Map: Blueshift LE

Players

autoEuforia

  • Race: Protoss Protoss
  • League: Diamond
  • Spawn Location: 7:00

Doni - Winner!

  • Race: Zerg Zerg
  • League: Diamond
  • Spawn Location: 1:00

VOD

Have the link to the VOD?

Description

Time

  • Played on: Dec. 11, 2018, 5:41 a.m.
  • Length: 17:02
Show
View Real Time Build Order
Export as new Build Order

autoEuforia Protoss 

Build Orders:  

Get SALT Encoding   

  12  0:00  Probe  
  13  0:13  Probe  
  14  0:17  Pylon  
  14  0:25  Probe  
  15  0:32  Assimilator  
  15  0:37  Probe  
  16  0:44  Gateway  
  16  0:49  Probe  
  17  0:55  Pylon  
  17  1:02  Probe  
  18  1:14  Probe  
  19  1:26  Probe  
  19  1:31  Cybernetics Core  
  20  1:45  Nexus  
  20  1:49  Warp Gate  
  20  1:51  Pylon  
  20  1:56  Probe  
  21  2:05  Gateway  
  21  2:18  Zealot  
  21  2:22  Twilight Council  
  23  2:34  Shield Battery  
  23  2:39  Shield Battery  
  23  2:42  Probe  
  24  2:52  Gateway  
  24  2:56  Probe  
  25  2:59  Probe  
  26  3:07  Zealot x2  
  26  3:08  Probe  
  27  3:13  Charge  
  31  3:29  Gateway  
  31  3:53  Probe x2  
  33  3:56  Zealot  
  33  3:57  Zealot x2  
  33  3:58  Pylon  
  39  4:05  Probe  
  40  4:18  Zealot x3  
  46  4:24  Pylon  
  46  4:30  Gateway  
  46  4:33  Probe x2  
  48  4:39  Zealot x2  
  48  4:42  Sentry  
  48  4:43  Sentry  
  54  5:10  Zealot x4  
  52  5:37  Gateway  
  52  5:38  Gateway  
  52  5:44  Zealot x2  
  52  5:45  Zealot x2  
  60  5:55  Assimilator  
  60  5:56  Assimilator  
  52  6:13  Zealot x4  
  58  6:35  Zealot  
  58  6:36  Zealot  
  58  6:38  Pylon  
  62  6:41  Pylon  
  62  7:00  Stalker x4  
  62  7:01  Stalker x2  
  44  7:57  Stalker x3  
  44  7:58  Stalker x3  
  50  8:00  Probe  
  50  8:05  Probe, Assimilator  
  54  8:06  Pylon  
  54  8:12  Probe  
  55  8:24  Zealot x4  
  55  8:25  Zealot x2  
  65  8:45  Stalker x5  
  75  8:51  Stalker  
  77  8:56  Blink  
  77  8:59  Forge  
  77  9:12  Sentry x2  
  77  9:13  Sentry  
  77  9:16  Sentry  
  85  9:34  Probe  
  86  9:43  Probe  
  83  9:46  Probe  
  76  9:56  Probe  
  76  9:59  Probe  
  64  10:04  Zealot x5  
  64  10:05  Zealot  
  70  10:08  Probe  
  70  10:11  Probe  
  72  10:20  Probe  
  73  10:25  Sentry x4  
  73  10:26  Sentry x2  
  85  10:37  Nexus  
  85  10:57  Pylon  
  85  11:00  Pylon  
  85  11:02  Pylon  
  85  11:04  Pylon  
  85  11:15  Assimilator  
  85  11:17  Stalker x2, Assimilator  
  85  11:18  Stalker  
  91  11:20  Sentry x2  
  95  11:33  Stalker  
  97  11:45  Stalker  
  97  11:46  Stalker x2  
  103  11:49  Stalker  
  103  11:52  Probe  
  103  11:54  Probe  
  107  12:12  Gateway  
  107  12:15  Robotics Facility  
  107  12:31  Stalker x4  
  107  12:32  Stalker  
  115  12:53  Robotics Facility  
  115  12:57  Robotics Facility, Pylon  
  96  13:29  Protoss Shields Level 1  
  96  13:33  Pylon  
  96  13:44  Pylon  
  96  13:45  Pylon  
  93  13:59  Observer  
  93  14:00  Stalker  
  74  14:30  Pylon  
  74  14:31  Pylon  
  73  14:33  Pylon  
  73  14:34  Pylon  
  73  14:53  Sentry x2, Observer  
  73  14:56  Pylon  
  73  14:58  Pylon  
  77  15:00  Pylon  
  75  15:19  Stalker x3  
  75  15:20  Stalker x2  
  76  15:59  Stalker x3  
  72  16:11  Stalker x2  
Show
View Real Time Build Order
Export as new Build Order

Doni Zerg - Winner!

Build Orders: Hatch First, Lurkers 

Get SALT Encoding   

  12  0:01  Drone  
  13  0:12  Overlord  
  13  0:19  Drone  
  14  0:30  Drone x2  
  16  0:50  Hatchery  
  16  0:51  Drone  
  16  0:56  Drone  
  17  0:59  Drone  
  18  1:10  Extractor  
  17  1:16  Spawning Pool  
  17  1:18  Drone  
  17  1:21  Drone  
  18  1:30  Drone  
  19  1:39  Overlord  
  19  1:59  Drone  
  20  2:03  Queen x2  
  20  2:04  Zergling x4  
  26  2:12  Metabolic Boost  
  26  2:16  Zergling x2  
  26  2:17  Zergling x2  
  26  2:21  Drone  
  29  2:31  Drone  
  30  2:47  Drone  
  30  2:48  Drone x3  
  34  2:58  Drone x2  
  35  3:02  Hatchery  
  35  3:05  Overlord  
  33  3:30  Drone x7  
  33  3:32  Queen  
  33  3:33  Pneumatized Carapace  
  42  3:47  Drone  
  42  3:48  Overlord x3  
  43  4:04  Overlord  
  43  4:10  Roach Warren  
  43  4:12  Extractor, Drone x7  
  43  4:13  Extractor  
  43  4:15  Queen  
  49  4:32  Spine Crawler  
  49  4:33  Zergling x12  
  49  4:34  Spine Crawler  
  53  4:49  Roach x5  
  53  4:50  Roach  
  62  5:04  Roach x5  
  61  5:17  Roach x4  
  61  5:33  Roach x5  
  65  5:37  Roach  
  65  5:38  Roach  
  65  5:44  Ravager x2  
  65  5:45  Ravager  
  65  5:47  Roach  
  70  5:55  Roach x2  
  74  5:58  Queen  
  74  5:59  Queen  
  72  6:15  Drone  
  72  6:16  Drone x3  
  76  6:24  Hatchery  
  76  6:25  Drone  
  76  6:26  Overlord  
  76  6:43  Lair, Evolution Chamber  
  76  6:44  Roach  
  76  6:45  Roach x3  
  83  7:05  Queen  
  82  7:13  Overlord x2  
  80  7:32  Evolution Chamber  
  80  7:36  Roach  
  74  7:37  Roach x7  
  66  7:53  Roach x3  
  66  7:57  Drone  
  66  7:58  Queen  
  70  8:00  Queen  
  70  8:03  Roach  
  70  8:04  Zerg Missile Weapons Level 1  
  74  8:06  Ravager  
  74  8:07  Ravager x4  
  74  8:10  Overlord  
  79  8:15  Drone  
  80  8:25  Drone  
  80  8:26  Drone  
  79  8:35  Drone x3  
  79  8:36  Roach x2  
  79  8:38  Glial Reconstitution  
  85  8:41  Hatchery  
  85  8:45  Overseer  
  85  8:46  Overlord x2  
  84  8:55  Overlord x2  
  84  9:04  Hydralisk Den  
  84  9:07  Extractor  
  82  9:25  Drone  
  82  9:26  Roach  
  82  9:27  Roach x6  
  97  9:33  Drone  
  97  9:37  Overseer  
  84  10:03  Drone x12  
  84  10:04  Queen  
  98  10:10  Lurker Den  
  98  10:11  Zerg Missile Weapons Level 2  
  97  10:17  Drone  
  97  10:18  Drone x3  
  101  10:26  Roach  
  101  10:27  Roach x2  
  107  10:33  Ravager  
  108  10:38  Spine Crawler, Drone  
  108  10:39  Drone  
  108  10:40  Drone  
  108  10:41  Spine Crawler  
  109  10:58  Hydralisk x6  
  109  11:02  Overlord  
  121  11:07  Extractor x2, Drone x2  
  121  11:08  Drone  
  122  11:25  Drone x3  
  123  11:26  Drone x3  
  123  11:27  Drone x2  
  123  11:28  Overlord x2  
  130  11:46  Lurker x5  
  135  11:48  Lurker  
  136  12:15  Roach  
  138  12:16  Roach x4  
  138  12:17  Overlord x3  
  138  12:18  Overlord x2  
  138  12:21  Overlord x2  
  138  12:22  Overlord  
  146  12:23  Overseer  
  146  12:26  Hatchery  
  145  12:41  Roach, Hydralisk x4  
  145  12:42  Roach x4  
  139  13:22  Hatchery  
  138  13:30  Hydralisk x4  
  138  13:31  Roach x5, Hydralisk  
  138  13:32  Hatchery  
  133  14:23  Hydralisk  
  133  14:24  Roach x2, Hydralisk x3  
  125  14:25  Roach x3  
  143  14:35  Hydralisk x2  
  143  14:36  Roach  
  96  15:00  Hydralisk x3  
  96  15:01  Roach x3  
  96  15:02  Lurker  
  96  15:06  Lurker  
  94  15:26  Lurker  
  94  15:27  Lurker  
  86  15:43  Drone x5  
  91  16:10  Drone x2  
Tags
 
Composition
Lurkers
Matchup
PvZ
Spawn Locations
Cross Positions
Add a new tag
Caveats
  • Supply blocks, unpowered buildings, or Contaminate may cause inaccurate times.
  • Supply counts are checked every 10 seconds.